 Dungeon Crawl Stone Soup version 0.31-a0-426-g3a05650e59 (webtiles) character file.

Game seed: 12876987812774160379

8 drugrobin the Sneak (level 1, -2/18 HPs)
             Began as a Demigod Delver on July 31, 2023.
             Slain by a hound (4 damage)
             ... on level 5 of the Dungeon.
             The game lasted 00:00:46 (103 turns).

drugrobin the Sneak (Demigod Delver)                 Turns: 103, Time: 00:00:46

Health: -2/18      AC:  3    Str: 13    XL:     1   Next: 80%
Magic:  3/3        EV: 11    Int: 12    God:
Gold:   0          SH:  0    Dex: 15    Spells: 0/0 levels left

rFire   . . .        b - +2 whip (venom)
rCold   . . .        (no shield)
rNeg    . . .        h - +0 leather armour
rPois   .            (no helmet)
rElec   .            (no cloak)
rCorr   .            (no gloves)
SInv    .            (no boots)
Will    .....        (no amulet)
Stlth   +++          (no ring)
HPRegen 0.23/turn    (no ring)
MPRegen 0.08/turn

%: no passive effects
@: no status effects
A: high MP 1, forlorn, divine attributes
a: no special abilities


You were on level 5 of the Dungeon.
You visited 1 branch of the dungeon, and saw 1 of its levels.

Inventory:

Hand Weapons
 a - a +0 hand axe
 b - a +2 whip of venom (weapon)
Armour
 h - a +0 leather armour (worn)
Wands
 g - a wand of digging (3)
Scrolls
 c - a scroll of fog
 d - a scroll of revelation
Potions
 f - a potion of haste


   Skills:
 - Level 2.6 Fighting
 + Level 2.5 Axes
 - Level 1.7 Dodging
 - Level 4.5 Stealth


You couldn't memorise any spells.
You didn't know any spells.
Your spell library was empty.

Dungeon Overview and Level Annotations

Branches:
Dungeon (5/15)
 Temple: D:4-7


Innate Abilities, Weirdness & Mutations

You have an increased reservoir of magic. (+10% MP)
You shall have no god before yourself.
Your divine heritage dramatically boosts your attributes as you level up.


Message History

You barely miss the orc. The orc hits you but does no damage.
You whack the orc!
You kill the orc!
Items here: ( )) †.
HP restored.
A sleepcap is nearby!
Unknown command.
Unknown command.
Found a scroll labelled RUOCIXTOHEL.
An orc comes into view. It is wielding a +0 mace.
The orc shouts!
Unknown command.
The orc barely misses you. The orc barely misses you.
The orc hits you but does no damage.
You closely miss the orc. The orc hits you with a +0 mace.
The orc attacks as you move away! The orc closely misses you.
You hit the orc.
The orc is poisoned.
The orc is heavily wounded.
The orc hits you with a +0 mace. The orc attacks as you move away!
The orc hits you with a +0 mace.
* * * LOW HITPOINT WARNING * * *
A hound comes into view.
Unknown command.
The orc attacks as you move away! The orc barely misses you.
The hound barks!
Unknown command.
As you read the scroll of fear, it crumbles to dust.
You assume a fearsome visage.
The hound looks frightened!
The orc looks frightened!
The sleepcap is unaffected.
Cornered, the orc turns to fight!
Unknown command.
You kill the orc!
The hound bites you.
* * * LOW HITPOINT WARNING * * *
You hit the hound.
Your attack snaps the hound out of its fear.
The hound is lightly wounded.
The hound bites you.
You die...

#.# #.#
#.# #.#
#.# #f##
#..#
##.###.#
#.@h..#
#######


You could see a sleepcap and a hound.

Vanquished Creatures
  4 orcs (D:5)
4 creatures vanquished.

Notes
Turn   | Place    | Note
-------+----------+-------------------------------------------
     0 | D:5      | drugrobin the Demigod Delver began the quest for the Orb.
     0 | D:5      | Reached XP level 1. HP: 18/18 MP: 3/3
    19 | D:5      | Noticed a sleepcap
    96 | D:5      | Noticed a hound
   103 | D:5      | Slain by a hound

Illustrated notes

Levels and vault maps discovered:
D:5:      layout_rooms, mainiacjoe_overflow_surrounded_room, marbit_many_paths

Skill      XL: |  1 |
---------------+----+-----
Axes           | 2 |  2.5
Fighting       | |  2.6
Dodging        | |  1.7
Stealth        | |  4.5

Action                     || total
---------------------------++-------
  Melee: Whip              ||     9
    Use: Scroll            ||     1
 Armour: Leather armour    ||     3
  Dodge: Dodged            ||     5

Table legend: (Time is in decaauts)
 A = Elapsed time spent in this place.
 B = Non-inter-level travel time spent in this place.
 C = Inter-level travel time spent in this place.
 D = Time resting spent in this place.
 E = Time spent auto-exploring this place.
 F = Levels seen in this place.
 G = Mean time per level.
                   A        B        C        D        E       F      G
               +--------+--------+--------+--------+--------+-----+--------+
         Total |    101 |    101 |      0 |      0 |     18 |   1 |  101.0 |
       Dungeon |    101 |    101 |      0 |      0 |     18 |   1 |  101.0 |
               +--------+--------+--------+--------+--------+-----+--------+

Top non-repeatable levels by time:
     D:5: 101 daAuts
